 Dungeon Crawl Stone Soup version 0.29-a0-819-g94b489e0ae (webtiles) character file.

Game seed: 7538397001524343412

33 Ayihk420 the Covered (level 3, 0/23 HPs)
             Began as a Gargoyle Fighter on July 6, 2022.
             Slain by an orc
             ... wielding a +0 hand axe
              (2 damage)
             ... on level 3 of the Dungeon.
             The game lasted 00:03:28 (998 turns).

Ayihk420 the Covered (Gargoyle Fighter)              Turns: 998, Time: 00:03:29

Health: 0/23       AC: 10    Str: 21    XL:     3   Next: 29%
Magic:  3/3        EV:  9    Int:  8    God:
Gold:   58         SH:  4    Dex:  9    Spells: 2/2 levels left

rFire   . . .      SeeInvis .     - Unarmed
rCold   . . .      Faith    .   b - +0 buckler
rNeg    + . .      Spirit   .   a - +0 scale mail
rPois   ∞          Reflect  .   (no helmet)
rElec   +          Harm     .   (no cloak)
rCorr   .          Rampage  .   (no gloves)
Will    .....                   (no boots)
Stlth   ..........              (no amulet)
HPRegen 0.07/turn               (no ring)
MPRegen 0.08/turn               (no ring)

@: no status effects
A: sickness immunity, AC +3, negative energy resistance 1, electricity
resistance, torment resistance 1, petrification resistance
a: no special abilities


You were on level 3 of the Dungeon.
You visited 1 branch of the dungeon, and saw 3 of its levels.

You collected 58 gold pieces.

Inventory:

Missiles
 d - 12 stones (quivered)
Armour
 a - a +0 scale mail (worn)
 b - a +0 buckler (worn)
Scrolls
 e - a scroll of teleportation {unknown}
Potions
 c - a potion of might


   Skills:
 - Level 3.2 Fighting
 * Level 4.3 Armour
 + Level 3.8 Shields
 - Level 2.0 Unarmed Combat


You had 2 spell levels left.
You didn't know any spells.
Your spell library was empty.

Dungeon Overview and Level Annotations

Branches:
Dungeon (3/15)

Altars:


Innate Abilities, Weirdness & Mutations

You are immune to sickness and miasma.
Your stone body is resilient. (AC +3)
You are immune to poison.
You resist negative energy. (rN+)
You are resistant to electric shocks. (rElec)
You are resistant to unholy torment.
You are immune to petrification.


Message History

You closely miss the orc.
The orc is lightly wounded.
You block the orc's attack.
The orc hits you with a +1 dagger of venom.
You hit the orc.
The orc is almost dead.
The orc closely misses you. The orc barely misses you.
You closely miss the orc.
The orc is almost dead.
The orc misses you. The orc barely misses you.
You barely miss the orc.
The orc is almost dead.
The orc hits you but does no damage. You block the orc's attack.
You closely miss the orc.
The orc is almost dead.
The orc completely misses you. You block the orc's attack.
You barely miss the orc.
The orc is severely wounded.
You block the orc's attack.
The orc hits you with a +1 dagger of venom.
You hit the orc.
The orc is almost dead.
The orc barely misses you. x2
You closely miss the orc.
The orc is severely wounded.
The orc barely misses you.
The orc hits you with a +1 dagger of venom.
* * * LOW HITPOINT WARNING * * *
You hit the orc.
You kill the orc!
You block the orc's attack.
You hit the orc.
The orc is lightly wounded.
The orc barely misses you. You block the orc's attack.
You hit the orc.
The orc is heavily wounded.
The orc hits you with a +0 club.
* * * LOW HITPOINT WARNING * * *
The orc hits you with a +0 hand axe.
You die...

# # .#. ###
#.# ...#.#
#.#.## .... #
#o######.##
#.@o..<...#
##########...#
#


You could see 2 orcs.

Vanquished Creatures
  3 orcs (D:3)
  4 endoplasms
  2 giant cockroaches (D:1)
  2 hobgoblins
  4 jackals (D:1)
  2 kobolds
  A quokka (D:2)
  A ball python (D:1)
  A frilled lizard (D:1)
  4 goblins (D:1)
24 creatures vanquished.

Notes
Turn   | Place    | Note
-------+----------+-------------------------------------------
     0 | D:1      | Ayihk420 the Gargoyle Fighter began the quest for the Orb.
     0 | D:1      | Reached XP level 1. HP: 14/14 MP: 1/1
   589 | D:1      | Reached XP level 2. HP: 17/19 MP: 2/2
   815 | D:1      | Reached skill level 4 in Armour
   900 | D:2      | Reached XP level 3. HP: 23/23 MP: 3/3
   998 | D:3      | Slain by an orc

Illustrated notes

Levels and vault maps discovered:
D:1:      dpeg_arrival_leaves_temple_mockup, layout_loops_ring
D:2:      layout_rooms, uniq_crazy_yiuf_cottage
D:3:      layout_loops_ring, ebering_ghost_reflecting_pool, fountainhead,
          uniq_natasha

Skill      XL: |  1  2 |
---------------+-------+-----
Armour         | 4 |  4.3
Fighting       | |  3.2
Shields        | |  3.8
Unarmed Combat | |  2.0

Action                   || total
-------------------------++-------
Melee: Unarmed           ||   142
Armor: Scale mail        ||    59
Dodge: Dodged            ||    57
Block: Buckler           ||    21

Table legend: (Time is in decaauts)
 A = Elapsed time spent in this place.
 B = Non-inter-level travel time spent in this place.
 C = Inter-level travel time spent in this place.
 D = Time resting spent in this place.
 E = Time spent auto-exploring this place.
 F = Levels seen in this place.
 G = Mean time per level.
                   A        B        C        D        E       F      G
               +--------+--------+--------+--------+--------+-----+--------+
         Total |    998 |    998 |      0 |    331 |    279 |   3 |  332.7 |
       Dungeon |    998 |    998 |      0 |    331 |    279 |   3 |  332.7 |
               +--------+--------+--------+--------+--------+-----+--------+

Top non-repeatable levels by time:
     D:1: 889 daAuts
     D:2: 75 daAuts
     D:3: 33 daAuts
